[ AOE2 MATCH · #479796238 ]
UnrankedLithuanians vs Berbers
[ REPLAY ANALYSIS · EXTRACTED FROM THE RECORDED GAME ]
Feudal
12:56
Castle
16:51
Imperial
—
| APM avg | 46.2 |
| APM peak | 74 |
| eAPM avg | 26.5 |
| Villagers / military | 55 / 10 |
Focus
⚔️ 37.4% · 🌾 62.6%
Unknown (2626) ×21 · Fishing Ship ×19 · Monk ×5 · Galley ×5
Feudal
13:45
Castle
17:22
Imperial
—
| APM avg | 38.9 |
| APM peak | 56 |
| eAPM avg | 17.3 |
| Villagers / military | 52 / 8 |
Focus
⚔️ 22.9% · 🌾 77.1%
Fishing Ship ×11 · Organ Gun ×7 · Mangonel ×1
Feudal
12:51
Castle
23:40
Imperial
—
| APM avg | 48.2 |
| APM peak | 113 |
| eAPM avg | 20.3 |
| Villagers / military | 41 / 15 |
Focus
⚔️ 27.8% · 🌾 72.2%
Scout Cavalry ×8 · Spearman ×7 · Fishing Ship ×7
Feudal
13:50
Castle
19:39
Imperial
—
| APM avg | 33.8 |
| APM peak | 71 |
| eAPM avg | 15.5 |
| Villagers / military | 40 / 11 |
Focus
⚔️ 34.7% · 🌾 65.3%
Spearman ×7 · Fishing Ship ×5 · Steppe Lancer ×3 · Militia ×1
Feudal
12:49
Castle
16:24
Imperial
—
| APM avg | 39.8 |
| APM peak | 83 |
| eAPM avg | 20.3 |
| Villagers / military | 63 / 18 |
Focus
⚔️ 26.5% · 🌾 73.5%
Fire Galley ×18 · Unknown (2626) ×11 · Fishing Ship ×9
Feudal
11:46
Castle
21:11
Imperial
—
| APM avg | 41.7 |
| APM peak | 70 |
| eAPM avg | 23.1 |
| Villagers / military | 66 / 3 |
Focus
⚔️ 29.3% · 🌾 70.7%
Unknown (2626) ×20 · Fishing Ship ×6 · Mangonel ×3
Feudal
13:35
Castle
17:34
Imperial
—
| APM avg | 31.0 |
| APM peak | 61 |
| eAPM avg | 20.3 |
| Villagers / military | 43 / 2 |
Focus
⚔️ 35.2% · 🌾 64.8%
Fishing Ship ×15 · Unknown (2626) ×12 · Monk ×2
Feudal
13:15
Castle
16:45
Imperial
—
| APM avg | 45.8 |
| APM peak | 96 |
| eAPM avg | 20.6 |
| Villagers / military | 45 / 12 |
Focus
⚔️ 38.7% · 🌾 61.3%
Fishing Ship ×17 · Conquistador ×12
Match map
Initial resources + every placement click. Lines = walls · curves = elevation contours. ◆ gold · ⬟ stone · ● berries · ✦ relic · ◌ wall gap
Your base· Open — 8t gap
Kinder's base· Open — 5t gap
Kant be real's base· Open — 8t gap
Spank~'s base· Open — unwalled flank
MUERE CACA's base· Open — 9t gap
VELEZ Y VINO's base· Open — 9t gap
Evan's base· Open — 7t gap
RománMás3's base· Open — 6t gap
Smoothed initial terrain · ◌ = detected wall gap · hover for details
Inputs per minute
— veni - - Kinder
Build order — veni
144 actions detected in the replay
| 0:04 | Build | Town Center |
| 1:43 | Build | Dock |
| 1:48 | Build | House |
| 2:26 | Create | Villager (Male) ×4 |
| 2:26 | Create | Villager (Male) ×5 |
| 2:26 | Create | Villager (Male) ×2 |
| 3:28 | Create | Fishing Ship |
| 3:28 | Create | Fishing Ship |
| 3:48 | Build | House |
| 4:24 | Create | Fishing Ship |
| 4:25 | Create | Fishing Ship |
| 4:46 | Build | House |
| 4:59 | Research | Loom |
| 4:59 | Research | Loom |
| 5:15 | Create | Villager (Male) |
| 5:34 | Create | Villager (Male) |
| 5:49 | Create | Fishing Ship |
| 5:55 | Create | Villager (Male) |
| 6:16 | Create | Villager (Male) |
| 6:22 | Create | Fishing Ship |
| 6:22 | Create | Fishing Ship |
| 6:45 | Build | House |
| 6:50 | Create | Villager (Male) |
| 7:03 | Create | Villager (Male) |
| 7:23 | Create | Fishing Ship |
| 7:33 | Create | Villager (Male) |
| 7:46 | Create | Fishing Ship |
| 7:46 | Create | Fishing Ship |
| 7:59 | Create | Villager (Male) |
| 8:23 | Create | Villager (Male) |
| 8:27 | Build | House |
| 8:44 | Create | Fishing Ship |
| 8:48 | Create | Villager (Male) |
| 9:06 | Build | Mill |
| 9:11 | Create | Villager (Male) |
| 9:25 | Build | House |
| 9:34 | Create | Villager (Male) |
| 9:43 | Create | Fishing Ship |
| 10:14 | Create | Villager (Male) |
| 10:18 | Create | Fishing Ship |
| 10:46 | Research | Feudal Age |
| 10:46 | Research | Feudal Age |
| 10:58 | Build | Lumber Camp |
| 11:42 | Build | Mining Camp |
| 11:54 | Create | Fishing Ship |
| 11:59 | Create | Villager (Male) |
| 12:56 | Age | Feudal Age |
| 12:57 | Build | Market |
| 12:59 | Research | Double-Bit Axe |
| 12:59 | Research | Double-Bit Axe |
| 12:59 | Research | Double-Bit Axe |
| 13:00 | Create | Villager (Male) |
| 13:06 | Build | House |
| 13:30 | Build | Blacksmith |
| 13:37 | Create | Villager (Male) |
| 14:10 | Research | Castle Age |
| 14:10 | Research | Castle Age |
| 14:17 | Research | Tech 906 |
| 14:17 | Research | Tech 906 |
| 14:31 | Create | Unit 2626 |
| 14:50 | Create | Unit 2626 |
| 14:57 | Create | Villager (Male) |
| 15:14 | Build | Dock |
| 15:35 | Create | Unit 2626 |
| 15:43 | Research | Gold Mining |
| 15:43 | Research | Gold Mining |
| 16:01 | Create | Fishing Ship |
| 16:01 | Create | Unit 2626 |
| 16:03 | Build | House |
| 16:04 | Build | House |
| 16:05 | Build | House |
| 16:17 | Create | Unit 2626 |
| 16:19 | Create | Fishing Ship |
| 16:19 | Create | Fishing Ship |
| 16:42 | Create | Unit 2626 |
| 16:51 | Age | Castle Age |
| 16:52 | Build | Town Center |
| 17:02 | Create | Unit 2626 |
| 17:19 | Research | War Galley (upgrade) |
| 17:19 | Research | War Galley (upgrade) |
| 17:30 | Create | Unit 2626 |
| 17:31 | Create | Unit 2626 |
| 17:33 | Create | Villager (Male) |
| 17:34 | Create | Villager (Male) |
| 17:49 | Create | Unit 2626 |
| 18:06 | Create | Villager (Male) |
| 18:07 | Create | Villager (Male) |
| 18:24 | Research | Gillnets |
| 18:24 | Research | Gillnets |
| 18:24 | Create | Fishing Ship |
| 18:24 | Create | Fishing Ship |
| 18:30 | Create | Villager (Male) |
| 18:31 | Create | Villager (Male) |
| 18:47 | Create | Villager (Male) |
| 18:47 | Create | Villager (Male) |
| 18:51 | Build | Monastery |
| 18:55 | Build | House |
| 19:20 | Create | Villager (Male) |
| 19:21 | Create | Villager (Male) |
| 19:26 | Create | Monk |
| 19:42 | Build | Monastery |
| 19:48 | Research | Sanctity |
| 20:01 | Create | Villager (Male) |
| 20:01 | Create | Villager (Male) |
| 20:06 | Build | House |
| 20:15 | Create | Unit 2626 |
| 20:15 | Create | Unit 2626 |
| 20:18 | Create | Monk |
| 20:18 | Create | Monk |
| 20:23 | Create | Villager (Male) |
| 20:23 | Create | Villager (Male) |
| 20:35 | Create | Unit 2626 |
| 20:36 | Create | Unit 2626 |
| 20:38 | Create | Villager (Male) |
| 20:38 | Create | Villager (Male) |
| 20:54 | Research | Fletching |
| 20:54 | Research | Fletching |
| 20:58 | Create | Unit 2626 |
| 21:03 | Create | Unit 2626 |
| 21:03 | Create | Unit 2626 |
| 21:07 | Create | Galley |
| 21:07 | Create | Galley |
| 21:08 | Create | Villager (Male) |
| 21:08 | Create | Villager (Male) |
| 21:32 | Create | Unit 2626 |
| 21:37 | Create | Villager (Male) |
| 21:37 | Create | Villager (Male) |
| 21:48 | Create | Villager (Male) |
| 21:48 | Create | Villager (Male) |
| 21:55 | Build | Town Center |
| 22:11 | Create | Unit 2626 |
| 22:11 | Create | Unit 2626 |
| 22:33 | Build | University |
| 22:43 | Create | Unit 2626 |
| 22:43 | Create | Galley |
| 22:48 | Create | Villager (Male) |
| 22:48 | Create | Villager (Male) |
| 22:48 | Create | Villager (Male) |
| 23:11 | Create | Galley |
| 23:12 | Create | Galley |
| 23:13 | Create | Villager (Male) |
| 23:14 | Create | Villager (Male) |
| 23:19 | Create | Monk |
| 23:19 | Create | Monk |
Build order — Kinder
119 actions detected in the replay
| 0:08 | Build | Town Center |
| 1:19 | Build | House |
| 1:21 | Build | Dock |
| 2:29 | Create | Villager (Male) |
| 2:29 | Create | Villager (Male) |
| 2:30 | Create | Villager (Male) |
| 2:30 | Create | Villager (Male) |
| 3:33 | Create | Fishing Ship |
| 3:48 | Research | Loom |
| 4:19 | Create | Villager (Male) |
| 4:23 | Build | House |
| 4:54 | Create | Villager (Male) |
| 4:54 | Create | Villager (Male) |
| 5:13 | Create | Villager (Male) |
| 5:13 | Create | Villager (Male) |
| 5:28 | Create | Fishing Ship |
| 5:36 | Create | Villager (Male) |
| 5:36 | Create | Villager (Male) |
| 5:50 | Build | House |
| 6:01 | Create | Villager (Male) |
| 6:01 | Create | Villager (Male) |
| 6:29 | Create | Villager (Male) |
| 6:29 | Create | Villager (Male) |
| 6:45 | Create | Villager (Male) |
| 6:46 | Create | Fishing Ship |
| 7:17 | Create | Villager (Male) |
| 7:19 | Create | Fishing Ship |
| 7:19 | Create | Fishing Ship |
| 7:42 | Build | House |
| 7:46 | Create | Villager (Male) |
| 7:46 | Create | Villager (Male) |
| 7:56 | Create | Villager (Male) |
| 8:01 | Create | Fishing Ship |
| 8:14 | Create | Villager (Male) |
| 8:29 | Build | House |
| 8:32 | Create | Villager (Male) |
| 8:32 | Create | Villager (Male) |
| 8:42 | Create | Fishing Ship |
| 9:16 | Build | Lumber Camp |
| 9:34 | Create | Fishing Ship |
| 9:44 | Build | House |
| 9:47 | Create | Villager (Male) |
| 10:08 | Create | Villager (Male) |
| 10:10 | Create | Fishing Ship |
| 10:27 | Create | Villager (Male) |
| 10:50 | Build | Mining Camp |
| 11:02 | Build | House |
| 11:07 | Create | Villager (Male) |
| 11:09 | Create | Fishing Ship |
| 11:31 | Research | Feudal Age |
| 11:31 | Research | Feudal Age |
| 11:37 | Create | Fishing Ship |
| 11:46 | Build | Mining Camp |
| 11:57 | Build | House |
| 12:24 | Build | Mill |
| 12:38 | Create | Villager (Male) |
| 12:38 | Create | Villager (Male) |
| 13:09 | Build | House |
| 13:45 | Age | Feudal Age |
| 13:46 | Build | Blacksmith |
| 13:50 | Build | Market |
| 14:04 | Research | Double-Bit Axe |
| 14:42 | Research | Castle Age |
| 14:42 | Research | Castle Age |
| 14:56 | Build | Dock |
| 15:23 | Research | Tech 906 |
| 16:00 | Build | Dock |
| 16:07 | Create | Villager (Male) |
| 17:14 | Build | Outpost |
| 17:22 | Age | Castle Age |
| 17:27 | Build | Castle |
| 17:32 | Research | Gillnets |
| 18:02 | Create | Villager (Male) |
| 18:07 | Research | Bow Saw |
| 18:07 | Research | Bow Saw |
| 18:18 | Build | Outpost |
| 18:19 | Build | Outpost |
| 18:39 | Create | Villager (Male) |
| 18:50 | Create | Organ Gun |
| 18:53 | Create | Organ Gun |
| 18:53 | Create | Organ Gun |
| 18:55 | Create | Villager (Male) |
| 18:58 | Build | Town Center |
| 19:33 | Create | Villager (Male) |
| 19:37 | Build | Outpost |
| 19:40 | Create | Organ Gun |
| 19:50 | Create | Villager (Male) |
| 19:58 | Build | Town Center |
| 20:03 | Create | Villager (Male) |
| 20:13 | Research | Horse Collar |
| 20:32 | Create | Organ Gun |
| 20:39 | Create | Villager (Male) |
| 20:55 | Build | House |
| 20:56 | Build | House |
| 20:58 | Build | Outpost |
| 21:02 | Research | Town Watch |
| 21:06 | Build | Farm |
| 21:07 | Build | Farm |
| 21:24 | Build | Outpost |
| 21:25 | Create | Villager (Male) |
| 21:40 | Create | Villager (Male) |
| 21:52 | Build | Siege Workshop |
| 21:56 | Create | Villager (Male) |
| 22:12 | Create | Villager (Male) |
| 22:12 | Create | Villager (Male) |
| 22:20 | Create | Villager (Male) |
| 22:25 | Create | Villager (Male) |
| 22:46 | Create | Mangonel |
| 22:48 | Create | Villager (Male) |
| 22:48 | Create | Villager (Male) |
| 22:49 | Build | House |
| 22:52 | Create | Villager (Male) |
| 22:58 | Create | Villager (Male) |
| 23:03 | Create | Villager (Male) |
| 23:05 | Create | Organ Gun |
| 23:05 | Create | Organ Gun |
| 23:26 | Create | Villager (Male) |
| 23:26 | Create | Villager (Male) |
| 23:58 | Create | Villager (Male) |
Build order — Kant be real
116 actions detected in the replay
| 0:29 | Build | Town Center |
| 2:17 | Build | Dock |
| 2:22 | Build | House |
| 2:42 | Create | Villager (Male) |
| 2:43 | Create | Villager (Male) |
| 2:43 | Create | Villager (Male) |
| 2:43 | Create | Villager (Male) |
| 2:43 | Create | Villager (Male) |
| 4:12 | Create | Fishing Ship |
| 4:13 | Create | Fishing Ship |
| 4:13 | Create | Fishing Ship |
| 4:36 | Build | House |
| 4:47 | Create | Villager (Male) |
| 4:47 | Create | Villager (Male) |
| 4:48 | Create | Villager (Male) |
| 5:24 | Create | Villager (Male) |
| 5:55 | Create | Villager (Male) |
| 5:56 | Create | Villager (Male) |
| 5:56 | Create | Villager (Male) |
| 5:57 | Create | Fishing Ship |
| 6:15 | Create | Villager (Male) |
| 6:15 | Create | Villager (Male) |
| 6:34 | Create | Villager (Male) |
| 6:40 | Build | House |
| 6:52 | Create | Fishing Ship |
| 7:08 | Create | Villager (Male) |
| 7:30 | Create | Villager (Male) |
| 7:43 | Create | Fishing Ship |
| 7:51 | Create | Villager (Male) |
| 8:22 | Create | Villager (Male) |
| 8:30 | Create | Fishing Ship |
| 8:35 | Build | House |
| 8:38 | Research | Loom |
| 9:09 | Build | Mill |
| 9:15 | Create | Villager (Male) |
| 9:38 | Create | Villager (Male) |
| 10:04 | Create | Villager (Male) |
| 10:41 | Research | Feudal Age |
| 10:44 | Build | Lumber Camp |
| 11:08 | Build | House |
| 11:26 | Build | Barracks |
| 12:50 | Create | Villager (Male) |
| 12:51 | Age | Feudal Age |
| 12:53 | Build | Stable |
| 13:03 | Build | Watch Tower |
| 13:08 | Build | Palisade Wall |
| 13:11 | Build | Palisade Wall |
| 13:14 | Build | Palisade Wall |
| 13:16 | Build | Palisade Wall |
| 13:27 | Build | Palisade Wall |
| 13:28 | Create | Villager (Male) |
| 13:34 | Build | Mill |
| 13:43 | Build | Mill |
| 13:45 | Create | Scout Cavalry |
| 14:02 | Create | Villager (Male) |
| 14:09 | Create | Scout Cavalry |
| 14:17 | Build | Palisade Wall |
| 14:28 | Build | Dock |
| 14:34 | Create | Villager (Male) |
| 14:37 | Create | Scout Cavalry |
| 14:38 | Research | Horse Collar |
| 14:41 | Research | Double-Bit Axe |
| 14:48 | Build | House |
| 14:59 | Research | Town Watch |
| 15:05 | Build | Farm |
| 15:19 | Build | Outpost |
| 15:23 | Create | Villager (Male) |
| 15:38 | Create | Villager (Male) |
| 15:42 | Build | Farm |
| 16:00 | Create | Scout Cavalry |
| 16:02 | Create | Villager (Male) |
| 16:04 | Build | Blacksmith |
| 16:18 | Build | Farm |
| 16:28 | Build | House |
| 16:32 | Create | Scout Cavalry |
| 16:35 | Create | Villager (Male) |
| 16:51 | Research | Scale Barding Armor |
| 17:09 | Create | Villager (Male) |
| 17:13 | Build | Mining Camp |
| 17:21 | Create | Scout Cavalry |
| 17:42 | Create | Villager (Male) |
| 17:46 | Build | Farm |
| 18:01 | Create | Villager (Male) |
| 18:03 | Build | Farm |
| 18:41 | Create | Villager (Male) |
| 18:45 | Build | House |
| 19:08 | Create | Villager (Male) |
| 19:23 | Build | Mining Camp |
| 19:36 | Create | Villager (Male) |
| 19:41 | Build | Market |
| 19:54 | Create | Scout Cavalry |
| 20:01 | Build | Watch Tower |
| 20:09 | Build | Farm |
| 20:15 | Create | Villager (Male) |
| 20:20 | Build | Lumber Camp |
| 20:31 | Create | Spearman |
| 20:31 | Create | Spearman |
| 20:42 | Create | Villager (Male) |
| 20:48 | Build | Farm |
| 20:58 | Research | Castle Age |
| 20:58 | Research | Castle Age |
| 20:59 | Research | Castle Age |
| 21:05 | Create | Spearman |
| 21:14 | Create | Scout Cavalry |
| 21:23 | Create | Spearman |
| 21:29 | Build | House |
| 21:47 | Create | Spearman |
| 22:17 | Create | Spearman |
| 22:28 | Build | Lumber Camp |
| 23:09 | Create | Spearman |
| 23:24 | Create | Villager (Male) |
| 23:40 | Age | Castle Age |
| 23:43 | Create | Villager (Male) |
| 23:48 | Build | Town Center |
| 23:59 | Build | Town Center |
| 24:01 | Create | Villager (Male) |
Build order — Spank~
116 actions detected in the replay
| 0:18 | Build | Town Center |
| 0:54 | Build | Town Center |
| 1:35 | Build | Dock |
| 1:36 | Build | House |
| 3:12 | Create | Villager (Male) |
| 3:12 | Create | Villager (Male) |
| 3:12 | Create | Villager (Male) |
| 3:12 | Create | Villager (Male) |
| 4:12 | Create | Fishing Ship |
| 4:37 | Build | House |
| 4:55 | Create | Villager (Male) |
| 4:55 | Create | Villager (Male) |
| 5:26 | Research | Loom |
| 5:26 | Research | Loom |
| 5:41 | Create | Villager (Male) |
| 6:09 | Create | Villager (Male) |
| 6:10 | Create | Fishing Ship |
| 6:31 | Create | Villager (Male) |
| 6:31 | Create | Villager (Male) |
| 7:00 | Build | House |
| 7:14 | Create | Villager (Male) |
| 7:39 | Create | Villager (Male) |
| 7:40 | Create | Fishing Ship |
| 7:59 | Create | Villager (Male) |
| 8:04 | Build | House |
| 8:34 | Create | Villager (Male) |
| 8:45 | Build | House |
| 8:49 | Create | Fishing Ship |
| 9:21 | Build | Palisade Wall |
| 9:31 | Create | Villager (Male) |
| 9:39 | Build | Palisade Wall |
| 9:40 | Create | Fishing Ship |
| 9:42 | Create | Villager (Male) |
| 10:04 | Create | Villager (Male) |
| 10:14 | Build | House |
| 10:34 | Build | Mill |
| 10:35 | Create | Villager (Male) |
| 10:59 | Build | Palisade Wall |
| 11:00 | Build | Palisade Wall |
| 11:02 | Build | Palisade Wall |
| 11:08 | Create | Villager (Male) |
| 11:22 | Build | Mining Camp |
| 11:24 | Build | Palisade Wall |
| 11:35 | Research | Feudal Age |
| 12:43 | Build | Barracks |
| 12:48 | Build | Palisade Wall |
| 12:50 | Build | Palisade Wall |
| 12:51 | Build | Palisade Wall |
| 13:14 | Build | House |
| 13:22 | Build | House |
| 13:33 | Create | Villager (Male) |
| 13:34 | Create | Villager (Male) |
| 13:50 | Age | Feudal Age |
| 13:53 | Create | Villager (Male) |
| 14:02 | Build | Stable |
| 14:51 | Create | Villager (Male) |
| 15:05 | Build | Blacksmith |
| 15:24 | Create | Villager (Male) |
| 15:38 | Build | Mining Camp |
| 15:45 | Create | Villager (Male) |
| 16:02 | Create | Villager (Male) |
| 16:06 | Build | Palisade Wall |
| 16:44 | Build | Palisade Wall |
| 16:59 | Research | Castle Age |
| 17:03 | Create | Spearman |
| 17:03 | Create | Spearman |
| 17:05 | Build | Palisade Wall |
| 17:08 | Build | Palisade Wall |
| 17:09 | Build | Palisade Wall |
| 17:19 | Create | Spearman |
| 17:26 | Build | House |
| 17:30 | Create | Spearman |
| 17:39 | Build | Palisade Wall |
| 17:45 | Create | Spearman |
| 18:09 | Build | Palisade Wall |
| 18:10 | Build | Palisade Wall |
| 18:33 | Create | Spearman |
| 18:35 | Create | Militia |
| 18:38 | Build | Lumber Camp |
| 19:19 | Research | Double-Bit Axe |
| 19:19 | Research | Double-Bit Axe |
| 19:23 | Create | Spearman |
| 19:39 | Age | Castle Age |
| 19:41 | Create | Villager (Male) |
| 19:41 | Create | Villager (Male) |
| 19:47 | Build | Town Center |
| 20:11 | Create | Villager (Male) |
| 20:18 | Create | Steppe Lancer |
| 20:19 | Create | Steppe Lancer |
| 20:38 | Create | Villager (Male) |
| 20:39 | Build | Farm |
| 20:41 | Build | Farm |
| 20:43 | Build | Farm |
| 20:44 | Build | Farm |
| 20:44 | Build | Farm |
| 20:46 | Build | Farm |
| 20:47 | Create | Steppe Lancer |
| 21:03 | Create | Villager (Male) |
| 21:04 | Create | Villager (Male) |
| 21:13 | Build | Town Center |
| 21:22 | Build | Farm |
| 21:30 | Build | Farm |
| 21:34 | Create | Villager (Male) |
| 21:45 | Create | Villager (Male) |
| 21:49 | Build | Farm |
| 22:05 | Create | Villager (Male) |
| 22:08 | Build | Farm |
| 22:10 | Build | Farm |
| 22:17 | Create | Villager (Male) |
| 22:26 | Create | Villager (Male) |
| 22:39 | Create | Villager (Male) |
| 22:50 | Create | Villager (Male) |
| 22:53 | Build | Farm |
| 22:55 | Build | Farm |
| 22:59 | Build | Farm |
| 23:05 | Create | Villager (Male) |
Build order — MUERE CACA
150 actions detected in the replay
| 0:21 | Build | Town Center |
| 0:47 | Build | Dock |
| 0:49 | Build | House |
| 2:39 | Create | Villager (Male) |
| 2:40 | Create | Villager (Male) |
| 2:40 | Create | Villager (Male) |
| 2:41 | Create | Villager (Male) |
| 2:41 | Create | Villager (Male) |
| 3:49 | Create | Villager (Male) |
| 3:49 | Create | Villager (Male) |
| 4:06 | Create | Fishing Ship |
| 4:06 | Create | Fishing Ship |
| 4:13 | Build | House |
| 4:46 | Create | Villager (Male) |
| 4:46 | Create | Villager (Male) |
| 5:13 | Create | Villager (Male) |
| 5:13 | Create | Villager (Male) |
| 5:29 | Create | Villager (Male) |
| 5:30 | Create | Villager (Male) |
| 5:34 | Create | Fishing Ship |
| 5:34 | Create | Fishing Ship |
| 5:50 | Create | Villager (Male) |
| 5:50 | Create | Villager (Male) |
| 5:52 | Build | House |
| 6:09 | Create | Villager (Male) |
| 6:10 | Create | Villager (Male) |
| 6:20 | Create | Fishing Ship |
| 6:43 | Create | Villager (Male) |
| 6:43 | Create | Villager (Male) |
| 6:54 | Build | Palisade Wall |
| 7:05 | Build | House |
| 7:10 | Create | Villager (Male) |
| 7:11 | Create | Villager (Male) |
| 7:16 | Build | House |
| 7:24 | Create | Villager (Male) |
| 7:40 | Create | Fishing Ship |
| 7:42 | Create | Villager (Male) |
| 8:06 | Build | Mill |
| 8:13 | Create | Villager (Male) |
| 8:37 | Create | Villager (Male) |
| 8:41 | Create | Fishing Ship |
| 9:09 | Create | Villager (Male) |
| 9:13 | Build | House |
| 9:27 | Create | Villager (Male) |
| 10:00 | Build | Mining Camp |
| 10:12 | Create | Villager (Male) |
| 10:36 | Create | Fishing Ship |
| 10:39 | Research | Feudal Age |
| 10:39 | Research | Feudal Age |
| 11:15 | Build | Dock |
| 11:28 | Create | Villager (Male) |
| 11:42 | Build | House |
| 11:58 | Build | House |
| 12:09 | Create | Villager (Male) |
| 12:10 | Create | Villager (Male) |
| 12:49 | Age | Feudal Age |
| 12:51 | Build | Market |
| 12:55 | Create | Villager (Male) |
| 13:06 | Build | Blacksmith |
| 13:32 | Create | Fishing Ship |
| 13:44 | Research | Castle Age |
| 13:44 | Research | Castle Age |
| 14:10 | Build | Lumber Camp |
| 14:51 | Create | Fire Galley |
| 14:52 | Create | Fire Galley |
| 14:57 | Research | Double-Bit Axe |
| 14:57 | Research | Double-Bit Axe |
| 15:25 | Create | Fire Galley |
| 15:35 | Create | Villager (Male) |
| 15:39 | Research | Loom |
| 15:39 | Research | Loom |
| 15:47 | Build | Dock |
| 15:59 | Create | Fire Galley |
| 16:24 | Age | Castle Age |
| 16:28 | Create | Fire Galley |
| 16:37 | Research | War Galley (upgrade) |
| 16:37 | Research | War Galley (upgrade) |
| 16:40 | Create | Villager (Male) |
| 16:50 | Build | House |
| 16:54 | Create | Fire Galley |
| 17:02 | Create | Villager (Male) |
| 17:25 | Create | Fire Galley |
| 17:29 | Build | House |
| 17:32 | Create | Villager (Male) |
| 17:44 | Create | Fire Galley |
| 17:46 | Create | Villager (Male) |
| 18:04 | Create | Unit 2626 |
| 18:04 | Create | Unit 2626 |
| 18:04 | Create | Unit 2626 |
| 18:06 | Create | Villager (Male) |
| 18:33 | Build | House |
| 18:34 | Create | Villager (Male) |
| 18:37 | Create | Fire Galley |
| 18:37 | Create | Fire Galley |
| 19:08 | Build | Town Center |
| 19:11 | Build | House |
| 19:20 | Create | Villager (Male) |
| 19:30 | Research | Forging |
| 19:31 | Research | Forging |
| 19:37 | Research | Bow Saw |
| 19:37 | Research | Bow Saw |
| 19:42 | Create | Fire Galley |
| 19:42 | Create | Fire Galley |
| 19:56 | Create | Villager (Male) |
| 20:01 | Build | House |
| 20:02 | Build | House |
| 20:21 | Create | Villager (Male) |
| 20:36 | Create | Villager (Male) |
| 20:38 | Create | Unit 2626 |
| 20:39 | Create | Unit 2626 |
| 20:43 | Create | Villager (Male) |
| 20:51 | Create | Villager (Male) |
| 20:58 | Create | Fire Galley |
| 20:58 | Create | Fire Galley |
| 21:25 | Create | Villager (Male) |
| 21:25 | Create | Villager (Male) |
| 21:26 | Create | Fire Galley |
| 21:26 | Create | Fire Galley |
| 21:27 | Create | Villager (Male) |
| 21:43 | Create | Villager (Male) |
| 21:52 | Build | Town Center |
| 21:56 | Create | Fire Galley |
| 21:56 | Create | Fire Galley |
| 22:06 | Create | Unit 2626 |
| 22:07 | Create | Villager (Male) |
| 22:26 | Create | Villager (Male) |
| 22:26 | Create | Villager (Male) |
| 22:26 | Create | Villager (Male) |
| 22:28 | Build | Lumber Camp |
| 22:43 | Build | House |
| 22:45 | Build | House |
| 22:51 | Research | Tech 906 |
| 22:51 | Research | Tech 906 |
| 22:52 | Create | Villager (Male) |
| 23:14 | Create | Villager (Male) |
| 23:14 | Create | Villager (Male) |
| 23:28 | Create | Villager (Male) |
| 23:28 | Create | Villager (Male) |
| 23:28 | Create | Villager (Male) |
| 23:31 | Build | House |
| 23:31 | Build | House |
| 23:42 | Create | Unit 2626 |
| 23:42 | Create | Unit 2626 |
| 23:42 | Create | Unit 2626 |
| 23:44 | Create | Villager (Male) |
| 23:44 | Create | Villager (Male) |
| 23:48 | Create | Villager (Male) |
| 23:55 | Create | Unit 2626 |
| 23:55 | Create | Unit 2626 |
| 23:58 | Create | Villager (Male) |
Build order — VELEZ Y VINO
135 actions detected in the replay
| 0:02 | Build | Town Center |
| 0:06 | Build | House |
| 0:52 | Build | Dock |
| 2:19 | Create | Villager (Male) ×4 |
| 2:19 | Create | Villager (Male) ×4 |
| 3:26 | Create | Fishing Ship |
| 3:26 | Create | Fishing Ship |
| 3:28 | Create | Villager (Male) |
| 3:28 | Create | Villager (Male) |
| 4:17 | Build | House |
| 4:30 | Create | Villager (Male) |
| 4:30 | Create | Villager (Male) |
| 4:55 | Create | Villager (Male) |
| 4:55 | Create | Villager (Male) |
| 5:02 | Create | Fishing Ship |
| 5:17 | Create | Villager (Male) |
| 5:17 | Create | Villager (Male) |
| 5:46 | Create | Villager (Male) |
| 5:46 | Create | Villager (Male) |
| 5:55 | Build | House |
| 5:56 | Research | Loom |
| 6:25 | Create | Villager (Male) |
| 6:25 | Create | Villager (Male) |
| 6:33 | Create | Fishing Ship |
| 6:49 | Create | Villager (Male) |
| 6:49 | Create | Villager (Male) |
| 6:49 | Create | Villager (Male) |
| 7:07 | Build | House |
| 7:46 | Create | Villager (Male) |
| 7:47 | Create | Fishing Ship |
| 8:11 | Build | Mining Camp |
| 8:19 | Create | Villager (Male) |
| 8:39 | Create | Fishing Ship |
| 8:46 | Create | Villager (Male) |
| 9:07 | Create | Villager (Male) |
| 9:12 | Build | House |
| 9:18 | Research | Feudal Age |
| 9:34 | Create | Villager (Male) |
| 9:58 | Build | Dock |
| 10:18 | Build | Lumber Camp |
| 10:49 | Create | Villager (Male) |
| 11:09 | Build | House |
| 11:46 | Age | Feudal Age |
| 11:49 | Create | Unit 2626 |
| 11:49 | Create | Unit 2626 |
| 11:52 | Create | Villager (Male) |
| 11:53 | Research | Double-Bit Axe |
| 11:54 | Create | Villager (Male) |
| 12:10 | Build | Mill |
| 12:14 | Create | Villager (Male) |
| 12:27 | Create | Villager (Male) |
| 12:31 | Create | Unit 2626 |
| 12:31 | Create | Unit 2626 |
| 12:48 | Create | Villager (Male) |
| 12:56 | Create | Villager (Male) |
| 12:59 | Build | House |
| 13:09 | Create | Villager (Male) |
| 13:20 | Build | Outpost |
| 13:22 | Build | Outpost |
| 13:23 | Build | Outpost |
| 13:25 | Create | Villager (Male) |
| 13:27 | Build | Outpost |
| 13:29 | Build | Outpost |
| 13:55 | Create | Unit 2626 |
| 13:55 | Create | Unit 2626 |
| 14:01 | Build | Dock |
| 14:04 | Create | Villager (Male) |
| 14:29 | Create | Villager (Male) |
| 14:43 | Create | Villager (Male) |
| 14:52 | Create | Unit 2626 |
| 14:52 | Create | Unit 2626 |
| 14:59 | Create | Villager (Male) |
| 15:02 | Create | Villager (Male) |
| 15:06 | Build | House |
| 15:06 | Build | House |
| 15:17 | Research | Tech 906 |
| 15:40 | Create | Villager (Male) |
| 16:24 | Create | Unit 2626 |
| 16:24 | Create | Unit 2626 |
| 16:24 | Create | Unit 2626 |
| 16:48 | Build | House |
| 16:58 | Build | Market |
| 17:05 | Build | Mining Camp |
| 17:07 | Create | Villager (Male) |
| 17:17 | Create | Unit 2626 |
| 17:17 | Create | Unit 2626 |
| 17:46 | Build | Blacksmith |
| 18:28 | Research | Castle Age |
| 18:28 | Research | Castle Age |
| 18:39 | Build | Dock |
| 18:45 | Research | Forging |
| 18:45 | Research | Forging |
| 18:46 | Create | Unit 2626 |
| 18:46 | Create | Unit 2626 |
| 18:47 | Create | Unit 2626 |
| 18:47 | Create | Unit 2626 |
| 19:19 | Create | Unit 2626 |
| 19:19 | Create | Unit 2626 |
| 19:20 | Create | Unit 2626 |
| 19:34 | Build | House |
| 19:34 | Build | House |
| 20:00 | Create | Villager (Male) |
| 20:02 | Build | House |
| 20:07 | Build | House |
| 20:24 | Create | Villager (Male) |
| 20:51 | Create | Villager (Male) |
| 21:11 | Age | Castle Age |
| 21:13 | Build | Siege Workshop |
| 21:18 | Build | Town Center |
| 21:21 | Create | Villager (Male) |
| 21:33 | Create | Villager (Male) |
| 21:33 | Create | Villager (Male) |
| 21:41 | Create | Mangonel |
| 21:48 | Create | Villager (Male) |
| 21:55 | Create | Villager (Male) |
| 21:55 | Create | Villager (Male) |
| 22:10 | Create | Villager (Male) |
| 22:21 | Create | Mangonel |
| 22:26 | Create | Villager (Male) |
| 22:27 | Create | Villager (Male) |
| 22:35 | Build | Lumber Camp |
| 22:58 | Create | Villager (Male) |
| 22:58 | Create | Villager (Male) |
| 22:58 | Create | Villager (Male) |
| 23:02 | Create | Villager (Male) |
| 23:09 | Build | Town Center |
| 23:33 | Create | Mangonel |
| 23:34 | Create | Villager (Male) |
| 23:34 | Create | Villager (Male) |
| 23:35 | Create | Villager (Male) |
| 23:47 | Research | War Galley (upgrade) |
| 23:47 | Research | War Galley (upgrade) |
| 24:01 | Create | Villager (Male) |
| 24:02 | Create | Villager (Male) |
| 24:02 | Create | Villager (Male) |
Build order — Evan
131 actions detected in the replay
| 0:14 | Build | Town Center |
| 0:32 | Build | Dock |
| 0:35 | Build | House |
| 2:30 | Create | Villager (Male) |
| 2:31 | Create | Villager (Male) |
| 2:31 | Create | Villager (Male) |
| 2:31 | Create | Villager (Male) |
| 2:32 | Create | Villager (Male) |
| 3:34 | Create | Villager (Male) |
| 4:09 | Create | Fishing Ship |
| 4:36 | Create | Villager (Male) |
| 4:37 | Create | Villager (Male) |
| 4:39 | Build | House |
| 5:05 | Create | Villager (Male) |
| 5:05 | Create | Villager (Male) |
| 5:31 | Create | Villager (Male) |
| 5:31 | Create | Villager (Male) |
| 5:33 | Create | Fishing Ship |
| 5:34 | Create | Fishing Ship |
| 5:55 | Create | Villager (Male) |
| 5:56 | Create | Villager (Male) |
| 6:00 | Build | House |
| 6:08 | Create | Villager (Male) |
| 6:09 | Create | Villager (Male) |
| 6:25 | Create | Fishing Ship |
| 6:25 | Create | Fishing Ship |
| 6:27 | Create | Villager (Male) |
| 6:27 | Create | Villager (Male) |
| 6:59 | Create | Fishing Ship |
| 6:59 | Create | Fishing Ship |
| 7:08 | Create | Villager (Male) |
| 7:08 | Create | Villager (Male) |
| 7:12 | Build | House |
| 7:21 | Create | Fishing Ship |
| 7:21 | Create | Fishing Ship |
| 7:40 | Create | Villager (Male) |
| 7:40 | Create | Villager (Male) |
| 7:46 | Build | House |
| 7:54 | Build | House |
| 8:02 | Research | Loom |
| 8:02 | Research | Loom |
| 8:02 | Create | Fishing Ship |
| 8:03 | Create | Fishing Ship |
| 8:22 | Create | Villager (Male) |
| 8:22 | Create | Villager (Male) |
| 8:39 | Build | Dock |
| 8:46 | Create | Villager (Male) |
| 8:46 | Create | Villager (Male) |
| 8:57 | Create | Villager (Male) |
| 9:17 | Create | Villager (Male) |
| 9:19 | Create | Fishing Ship |
| 9:33 | Build | Lumber Camp |
| 9:51 | Create | Villager (Male) |
| 10:08 | Research | Double-Bit Axe |
| 10:09 | Research | Double-Bit Axe |
| 10:18 | Build | House |
| 10:26 | Create | Villager (Male) |
| 10:48 | Research | Wheelbarrow |
| 10:55 | Create | Villager (Male) |
| 10:56 | Create | Fishing Ship |
| 11:17 | Build | Mill |
| 11:23 | Create | Villager (Male) |
| 11:25 | Research | Feudal Age |
| 11:26 | Research | Feudal Age |
| 11:33 | Build | Mining Camp |
| 11:54 | Create | Fishing Ship |
| 11:59 | Build | House |
| 12:01 | Build | House |
| 12:59 | Create | Villager (Male) |
| 12:59 | Create | Villager (Male) |
| 13:12 | Create | Fishing Ship |
| 13:35 | Age | Feudal Age |
| 13:38 | Research | Bow Saw |
| 13:39 | Research | Bow Saw |
| 13:43 | Build | Market |
| 13:49 | Build | Market |
| 13:54 | Research | Town Watch |
| 13:54 | Research | Town Watch |
| 13:57 | Build | Blacksmith |
| 14:04 | Create | Unit 2626 |
| 14:44 | Create | Unit 2626 |
| 14:54 | Research | Castle Age |
| 14:54 | Research | Castle Age |
| 15:05 | Create | Unit 2626 |
| 15:21 | Build | House |
| 15:22 | Build | House |
| 15:23 | Build | House |
| 15:32 | Create | Unit 2626 |
| 15:59 | Research | Horse Collar |
| 16:33 | Research | Stone Mining |
| 16:33 | Research | Stone Mining |
| 16:41 | Build | Mining Camp |
| 16:53 | Create | Unit 2626 |
| 17:07 | Create | Unit 2626 |
| 17:34 | Age | Castle Age |
| 17:37 | Research | Two-Man Saw |
| 17:37 | Research | Two-Man Saw |
| 17:37 | Create | Villager (Male) |
| 17:45 | Build | Monastery |
| 17:50 | Create | Villager (Male) |
| 17:56 | Create | Unit 2626 |
| 18:02 | Research | Gold Mining |
| 18:02 | Research | Gold Mining |
| 18:04 | Research | Wheelbarrow |
| 18:09 | Build | Farm |
| 18:27 | Build | Palisade Wall |
| 18:28 | Build | Palisade Wall |
| 18:31 | Build | Palisade Wall |
| 18:38 | Build | Farm |
| 18:38 | Create | Villager (Male) |
| 18:46 | Create | Unit 2626 |
| 18:46 | Create | Unit 2626 |
| 18:58 | Research | War Galley (upgrade) |
| 18:58 | Research | War Galley (upgrade) |
| 19:01 | Create | Monk |
| 19:18 | Build | Dock |
| 19:22 | Create | Villager (Male) |
| 19:37 | Create | Villager (Male) |
| 19:53 | Create | Monk |
| 20:06 | Create | Villager (Male) |
| 20:15 | Build | Town Center |
| 20:28 | Build | House |
| 20:32 | Create | Unit 2626 |
| 20:32 | Create | Unit 2626 |
| 20:37 | Build | House |
| 20:59 | Create | Unit 2626 |
| 21:04 | Create | Villager (Male) |
| 21:40 | Create | Villager (Male) |
| 21:43 | Research | Hand Cart |
| 21:43 | Research | Hand Cart |
| 21:58 | Create | Villager (Male) |
Build order — RománMás3
123 actions detected in the replay
| 0:05 | Build | Town Center |
| 1:31 | Build | Dock |
| 1:42 | Build | Palisade Wall |
| 1:43 | Build | Palisade Wall |
| 1:59 | Build | House |
| 2:28 | Create | Villager (Male) |
| 2:28 | Create | Villager (Male) |
| 2:28 | Create | Villager (Male) |
| 2:29 | Create | Villager (Male) |
| 2:29 | Create | Villager (Male) |
| 4:04 | Create | Villager (Male) |
| 4:05 | Create | Villager (Male) |
| 4:10 | Create | Fishing Ship |
| 4:42 | Create | Villager (Male) |
| 4:42 | Create | Villager (Male) |
| 4:51 | Build | House |
| 5:05 | Create | Villager (Male) |
| 5:35 | Create | Fishing Ship |
| 5:36 | Create | Villager (Male) |
| 5:36 | Create | Villager (Male) |
| 5:52 | Build | Palisade Wall |
| 6:00 | Create | Villager (Male) |
| 6:00 | Create | Villager (Male) |
| 6:17 | Build | House |
| 6:20 | Create | Villager (Male) |
| 6:21 | Create | Villager (Male) |
| 6:41 | Create | Fishing Ship |
| 6:47 | Build | House |
| 6:49 | Create | Villager (Male) |
| 7:00 | Create | Villager (Male) |
| 7:23 | Create | Fishing Ship |
| 7:24 | Create | Villager (Male) |
| 7:58 | Create | Villager (Male) |
| 7:58 | Create | Villager (Male) |
| 7:59 | Create | Fishing Ship |
| 8:12 | Create | Villager (Male) |
| 8:22 | Create | Fishing Ship |
| 8:47 | Create | Villager (Male) |
| 8:58 | Create | Fishing Ship |
| 9:09 | Create | Villager (Male) |
| 9:20 | Build | House |
| 9:25 | Research | Loom |
| 9:41 | Build | Mill |
| 9:50 | Create | Villager (Male) |
| 10:13 | Create | Villager (Male) |
| 10:30 | Build | Mining Camp |
| 10:39 | Create | Villager (Male) |
| 10:42 | Research | Feudal Age |
| 10:55 | Create | Fishing Ship |
| 11:39 | Build | House |
| 12:23 | Create | Villager (Male) |
| 12:23 | Create | Villager (Male) |
| 13:15 | Age | Feudal Age |
| 13:17 | Build | Market |
| 13:21 | Build | Blacksmith |
| 13:29 | Build | Mining Camp |
| 13:51 | Build | House |
| 13:59 | Research | Castle Age |
| 14:14 | Build | House |
| 14:41 | Build | Lumber Camp |
| 15:02 | Build | House |
| 15:05 | Research | Double-Bit Axe |
| 15:05 | Research | Double-Bit Axe |
| 15:05 | Create | Villager (Male) |
| 15:10 | Create | Villager (Male) |
| 15:13 | Build | Outpost |
| 15:17 | Research | Town Watch |
| 15:21 | Build | Outpost |
| 15:24 | Create | Villager (Male) |
| 15:26 | Build | Outpost |
| 16:09 | Build | Outpost |
| 16:37 | Build | Dock |
| 16:45 | Age | Castle Age |
| 17:00 | Build | Castle |
| 17:03 | Research | Bow Saw |
| 17:03 | Research | Bow Saw |
| 17:06 | Create | Villager (Male) |
| 17:28 | Research | Tech 906 |
| 17:56 | Create | Villager (Male) |
| 18:01 | Create | Conquistador |
| 18:14 | Create | Villager (Male) |
| 18:22 | Create | Conquistador |
| 18:28 | Build | Outpost |
| 18:30 | Build | House |
| 18:35 | Create | Fishing Ship |
| 18:35 | Create | Fishing Ship |
| 18:36 | Create | Villager (Male) |
| 18:40 | Build | Outpost |
| 18:42 | Build | Outpost |
| 19:02 | Create | Conquistador |
| 19:07 | Create | Villager (Male) |
| 19:24 | Create | Conquistador |
| 19:35 | Build | Town Center |
| 19:39 | Create | Conquistador |
| 20:14 | Create | Fishing Ship |
| 20:14 | Create | Fishing Ship |
| 20:15 | Create | Villager (Male) |
| 20:21 | Build | Dock |
| 20:28 | Create | Villager (Male) |
| 20:41 | Create | Conquistador |
| 20:53 | Create | Conquistador |
| 21:03 | Create | Conquistador |
| 21:12 | Create | Villager (Male) |
| 21:35 | Create | Villager (Male) |
| 22:12 | Create | Conquistador |
| 22:12 | Create | Villager (Male) |
| 22:23 | Build | House |
| 22:24 | Create | Fishing Ship |
| 22:25 | Create | Fishing Ship |
| 22:25 | Create | Fishing Ship |
| 22:26 | Create | Villager (Male) |
| 22:35 | Create | Conquistador |
| 22:53 | Build | House |
| 22:54 | Build | House |
| 22:56 | Create | Villager (Male) |
| 22:58 | Research | Gillnets |
| 22:59 | Create | Fishing Ship |
| 22:59 | Create | Fishing Ship |
| 23:01 | Create | Conquistador |
| 23:13 | Create | Conquistador |
| 23:13 | Create | Villager (Male) |
| 23:18 | Research | Gold Mining |
| 23:19 | Research | Stone Mining |
Match timeline
| 0:32 | Evan · first_building Dock |
| 0:47 | MUERE CACA · first_building Dock |
| 0:52 | VELEZ Y VINO · first_building Dock |
| 1:21 | Kinder · first_building Dock |
| 1:31 | RománMás3 · first_building Dock |
| 1:35 | Spank~ · first_building Dock |
| 1:42 | RománMás3 · wall_segment Palisade Wall x1 |
| 1:43 | veni · first_building Dock |
| 1:43 | RománMás3 · wall_segment Palisade Wall x1 |
| 2:17 | Kant be real · first_building Dock |
| 5:52 | RománMás3 · wall_segment Palisade Wall x1 |
| 6:54 | MUERE CACA · wall_segment Palisade Wall x1 |
| 9:21 | Spank~ · wall_segment Palisade Wall x7 |
| 9:39 | Spank~ · wall_segment Palisade Wall x1 |
| 10:59 | Spank~ · wall_segment Palisade Wall x1 |
| 11:00 | Spank~ · wall_segment Palisade Wall x1 |
| 11:02 | Spank~ · wall_segment Palisade Wall x6 |
| 11:24 | Spank~ · wall_segment Palisade Wall x1 |
| 11:26 | Kant be real · first_building Barracks |
| 11:46 | VELEZ Y VINO · age_up feudal |
| 12:43 | Spank~ · first_building Barracks |
| 12:48 | Spank~ · wall_segment Palisade Wall x1 |
| 12:49 | MUERE CACA · age_up feudal |
| 12:50 | Spank~ · wall_segment Palisade Wall x1 |
| 12:51 | Spank~ · wall_segment Palisade Wall x1 |
| 12:51 | Kant be real · age_up feudal |
| 12:53 | Kant be real · first_building Stable |
| 12:56 | veni · age_up feudal |
| 13:08 | Kant be real · wall_segment Palisade Wall x1 |
| 13:11 | Kant be real · wall_segment Palisade Wall x1 |
| 13:14 | Kant be real · wall_segment Palisade Wall x1 |
| 13:15 | RománMás3 · age_up feudal |
| 13:16 | Kant be real · wall_segment Palisade Wall x1 |
| 13:27 | Kant be real · wall_segment Palisade Wall x1 |
| 13:35 | Evan · age_up feudal |
| 13:45 | Kinder · age_up feudal |
| 13:50 | Spank~ · age_up feudal |
| 13:57 | veni · first_market_sell 100 wood |
| 14:02 | Spank~ · first_building Stable |
| 14:17 | Kant be real · wall_segment Palisade Wall x1 |
| 16:06 | Spank~ · wall_segment Palisade Wall x11 |
| 16:24 | MUERE CACA · age_up castle |
| 16:35 | MUERE CACA · first_market_sell 100 food |
| 16:44 | Spank~ · wall_segment Palisade Wall x2 |
| 16:45 | RománMás3 · age_up castle |
| 16:51 | veni · age_up castle |
| 17:00 | RománMás3 · first_building Castle |
| 17:05 | Spank~ · wall_segment Palisade Wall x1 |
| 17:08 | Spank~ · wall_segment Palisade Wall x1 |
| 17:09 | Spank~ · wall_segment Palisade Wall x1 |
| 17:22 | Kinder · age_up castle |
| 17:27 | Kinder · first_building Castle |
| 17:27 | RománMás3 · first_market_buy 100 wood |
| 17:34 | Evan · age_up castle |
| 17:39 | Spank~ · wall_segment Palisade Wall x1 |
| 17:45 | Evan · first_building Monastery |
| 18:09 | Spank~ · wall_segment Palisade Wall x1 |
| 18:10 | Spank~ · wall_segment Palisade Wall x1 |
| 18:27 | Evan · wall_segment Palisade Wall x1 |
| 18:28 | Evan · wall_segment Palisade Wall x1 |
| 18:31 | Evan · wall_segment Palisade Wall x1 |
| 18:51 | veni · first_building Monastery |
| 19:05 | MUERE CACA · first_market_buy 100 wood |
| 19:39 | Spank~ · age_up castle |
| 20:49 | veni · first_market_buy 100 wood |
| 20:57 | Kant be real · first_market_sell 100 food |
| 21:11 | VELEZ Y VINO · age_up castle |
| 21:13 | VELEZ Y VINO · first_building Siege Workshop |
| 21:39 | Kinder · first_market_buy 100 wood |
| 21:40 | VELEZ Y VINO · first_market_buy 100 wood |
| 21:52 | Kinder · first_building Siege Workshop |
| 22:07 | Evan · resign |
| 23:40 | Kant be real · age_up castle |
| 23:45 | VELEZ Y VINO · first_market_sell 100 stone |
| 23:56 | Kant be real · first_market_buy 100 wood |
[ AI ANALYSIS · 1 CREDIT ]
What really happened in this match?
Wolo.gg analyzes every decision: build order, eco, micro, common mistakes by bracket. Personalized analysis on WhatsApp or Discord in 30 seconds.
Civ guide
Lithuanians
Perfil
veni